 Dungeon Crawl Stone Soup version 0.30-a0-852-g08b95dd62f (webtiles) character file.

Game seed: 4679305730862066119

309514 cforsyth the Metallomancer (level 20, -11/131 HPs)
             Began as a Deep Elf Earth Elementalist on Mar 4, 2023.
             Was the Champion of Vehumet.
             Killed from afar by an ironbound thunderhulk (34 damage)
             ... with a bolt of lightning
             ... on level 3 of the Vaults on Mar 5, 2023.
             The game lasted 02:38:09 (66556 turns).

cforsyth the Metallomancer (DEEE)                  Turns: 66556, Time: 02:38:09

Health: -11/131    AC: 15    Str:  5    XL:     20   Next: 37%
Magic:  39/51      EV: 24    Int: 33    God:    Vehumet [******]
Gold:   2922       SH: 21    Dex: 23    Spells: 1/51 levels left

rFire   + . .      SeeInvis .    E - +8 lance "Wyrmbane" {slay drac, rPois rF+ rC+ AC+3}
rCold   + + +      Faith    .    T - +2 kite shield {rC+}
rNeg    + + .      Spirit   .    U - +2 robe "Disuqomaps" {rN++ Int+3 Dex+3 Slay-4}
rPois   +          Reflect  +    d - +1 helmet
rElec   .          Rampage  .    f - +0 cloak {rCorr}
rCorr   +                        Y - +2 pair of gloves {Dex+3}
Will    ++...                    Z - +1 pair of boots {Fly}
Stlth   ++++                     t - amulet of reflection
HPRegen 0.41/turn                h - ring of magical power
MPRegen 0.32/turn                S - ring of Doexynn {rPois rC+ Int+2 Stlth+}

@: flying, studying Throwing
A: no striking features
}: 2/15 runes: barnacled, gossamer
a: Renounce Religion


You were on level 3 of the Vaults.
You worshipped Vehumet.
Vehumet was exalted by your worship.
You visited 7 branches of the dungeon, and saw 35 of its levels.
You also visited: Bailey and Ice Cave.

You collected 4199 gold pieces.
You spent 1277 gold pieces at shops.

Inventory:

Hand Weapons
 E - the +8 lance "Wyrmbane" (weapon) {slay drac, rPois rF+ rC+ AC+3}
   (You bought it in a shop on level 4 of the Dungeon)

   AC:        It affects your AC (+3).
   rF:        It protects you from fire.
   rC:        It protects you from cold.
   rPois:     It protects you from poison.
Armour
 d - a +1 helmet (worn)
 f - a +0 cloak of preservation (worn)
 x - the +1 robe of Polish {Int+5 SInv Stlth-}
   (You bought it in a shop on level 2 of the Orcish Mines)

   Int:       It affects your intelligence (+5).
   SInv:      It lets you see invisible.
   Stlth:     It makes you less stealthy.
 L - a +1 robe of the Archmagi
 T - a +2 kite shield of cold resistance (worn)
 U - the +2 robe "Disuqomaps" (worn) {rN++ Int+3 Dex+3 Slay-4}
   (You bought it in a shop on level 2 of the Orcish Mines)

   Int:       It affects your intelligence (+3).
   Dex:       It affects your dexterity (+3).
   Slay:      It affects your accuracy & damage with ranged weapons and melee
   (-4).
   rN:        It greatly protects you from negative energy.
 Y - a +2 pair of gloves of dexterity (worn)
 Z - a +1 pair of boots of flying (worn)
Jewellery
 g - a +4 ring of protection
 h - a ring of magical power (left hand)
 k - a ring of resist corrosion
 n - a ring of protection from fire
 t - an amulet of reflection (around neck)
 y - a ring of flight
 F - a ring of see invisible
 K - a ring of willpower
 N - a ring of protection from cold
 S - the ring of Doexynn (right hand) {rPois rC+ Int+2 Stlth+}
   (You found it on level 4 of the Spider Nest)

   [ring of protection from cold]

   Int:       It affects your intelligence (+2).
   rC:        It protects you from cold.
   rPois:     It protects you from poison.
   Stlth:     It makes you more stealthy.
 V - a ring of positive energy
 X - the ring "Idileken" {Ice Drain Str+4 SInv}
   (You took it off a deep elf pyromancer on level 13 of the Dungeon)

   [ring of ice]

   It enhances your ice magic.
   Str:       It affects your strength (+4).
   rF:        It makes you vulnerable to fire.
   rC:        It protects you from cold.
   SInv:      It lets you see invisible.
   Drain:     It drains your maximum health when unequipped.
Wands
 a - a wand of mindburst (5)
 o - a wand of paralysis (29)
 z - a wand of polymorph (15)
 D - a wand of flame (67)
 I - a wand of iceblast (29)
 J - a wand of digging (14)
Scrolls
 e - 3 scrolls of blinking
 q - 6 scrolls of identify
 v - 5 scrolls of fog
 G - 4 scrolls of summoning
 H - 4 scrolls of magic mapping
 M - 4 scrolls of amnesia
 O - 3 scrolls of poison
 P - 6 scrolls of fear
 Q - 7 scrolls of teleportation
 W - 2 scrolls of enchant armour
Potions
 b - 2 potions of magic
 c - 5 potions of cancellation
 i - 4 potions of invisibility
 j - 16 potions of heal wounds
 l - 6 potions of brilliance
 m - 4 potions of ambrosia
 p - 8 potions of might
 r - 9 potions of haste
 s - 5 potions of mutation
 u - 10 potions of resistance
 w - 2 potions of berserk rage
 A - 5 potions of lignification
 B - 9 potions of curing
 C - 10 potions of flight


   Skills:
 - Level 15.6 Fighting
 - Level 15.4 Dodging
 - Level 3.0 Stealth
 - Level 12.3 Shields
 - Level 16.3 Spellcasting
 + Level 6.1 Conjurations
 - Level 5.0 Necromancy
 - Level 1.8 Transmutations
 - Level 23.4 Earth Magic


You had one spell level left.
You knew the following spells:

 Your Spells              Type           Power      Damage    Failure   Level
a - Sandblast             Erth           100%       2d20      0%          1
b - Stone Arrow           Conj/Erth      100%       3d13      0%          3
c - Blink                 Tloc           52%        N/A       4%          2
d - Inner Flame           Hex/Fire       26%        N/A       2%          3
e - Borgnjor's Vile Clut  Necr/Erth      44%        N/A       1%          5
f - Sticky Flame          Conj/Fire      47%        2d6       2%          4
g - Lee's Rapid Deconstr  Erth           55%        3d26*     0%          5
h - Petrify               Tmut/Erth      84%        N/A       1%          4
i - Lehudib's Crystal Sp  Conj/Erth      45%        10d11     12%         8
j - Iron Shot             Conj/Erth      45%        9d9       1%          6
k - Shatter               Erth           55%        3d41*     5%          9

Your spell library contained the following spells:

 Spells                   Type           Power      Damage    Failure   Level
 Maxwell's Capacitive Co  Air            13%        ∞         100%        8
 Chain Lightning          Conj/Air       23%        3d31      100%        9
 Necrotise                Necr           100%       1d9       1%          1
 Shock                    Conj/Air       100%       1d9       1%          1
 Apportation              Tloc           52%        N/A       3%          1
 Summon Small Mammal      Summ           100%       N/A       3%          1
 Momentum Strike          Conj/Tloc      94%        3d10      1%          2
 Passwall                 Tmut/Erth      70%        N/A       1%          2
 Static Discharge         Conj/Air       94%        2-6/arc   1%          2
 Sublimation of Blood     Necr           56%        N/A       1%          2
 Animate Armour           Summ/Erth      100%       N/A       1%          4
 Leda's Liquefaction      Hex/Erth       40%        N/A       1%          4
 Statue Form              Tmut/Erth      56%        N/A       2%          6
 Animate Dead             Necr           56%        N/A       3%          4
 Ensorcelled Hibernation  Hex/Ice        52%        N/A       4%          2
 Lesser Beckoning         Tloc           52%        N/A       4%          2
 Irradiate                Conj/Tmut      26%        3d20      4%          5
 Arcjolt                  Conj/Air       23%        1d33      7%          5
 Lightning Bolt           Conj/Air       23%        1d39      7%          5
 Airstrike                Air            13%        2d(2-18)  8%          4
 Call Canine Familiar     Summ           26%        N/A       9%          3
 Gell's Gravitas          Tloc           26%        N/A       9%          3
 Ozocubu's Armour         Ice            26%        N/A       9%          3
 Summon Guardian Golem    Hex/Summ       26%        N/A       9%          3
 Swiftness                Air            26%        N/A       9%          3
 Teleport Other           Tloc           26%        N/A       9%          3
 Vhi's Electric Charge    Tloc/Air       52%        N/A       9%          3
 Conjure Ball Lightning   Conj/Air       23%        3x3d6     32%         6
 Alistair's Intoxication  Tmut/Pois      21%        N/A       50%         5
 Death Channel            Necr           28%        N/A       50%         6
 Eringya's Noxious Bog    Tmut/Pois      16%        N/A       58%         6
 Metabolic Englaciation   Hex/Ice        13%        N/A       63%         5
 Summon Forest            Summ/Tloc      13%        N/A       63%         5
 Simulacrum               Ice/Necr       21%        N/A       85%         6
 Dispersal                Tloc           13%        N/A       99%         6
 Summon Hydra             Summ           13%        N/A       100%        7
 Discord                  Hex            13%        N/A       100%        8
 Disjunction              Tloc           13%        N/A       100%        8
 Dragon's Call            Summ           13%        N/A       100%        9


Dungeon Overview and Level Annotations

Branches:
Dungeon (15/15)            Temple (1/1) D:5            Lair (5/5) D:9
 Shoals (4/4) Lair:3       Spider (4/4) Lair:2        Slime (0/5) Lair:5
    Orc (2/2) D:12            Elf (0/3) Orc:2        Vaults (4/5) D:13
  Crypt (0/3) Vaults:3     Depths (0/4) D:15         Bailey (visited)
  IceCv (visited)

Altars:
Ashenzari
Cheibriados
Dithmenos
Elyvilon
Fedhas
Gozag
Hepliaklqana
Kikubaaqudgha
Makhleb
Nemelex Xobeh
Okawaru
Qazlal
Ru
Sif Muna
Trog
Uskayaw
Vehumet
Wu Jian
Xom
Yredelemnul
Zin
The Shining One
Jiyva

Shops:
D:4 ((*!   D:11 !   D:14 !   Orc:2 *[:   Shoals:1 ?   Vaults:1 :(   Vaults:3 =

Annotations:
Spider:1 2 runed translucent doors, enile's ghost, adept AtFi
Spider:3 2 transporters, cheesebisquit's ghost, adept GrEE


Message History

The ironbound thunderhulk escapes!
Casting: Sandblast (safe; 0% risk of failure)
Confirm with . or Enter, or press ? or * to list all spells.
Aiming: Borgnjor's Vile Clutch (mildly dangerous; 1% risk of failure)
Press: ? - help, Shift-Dir - straight line, f/p - ironbound thunderhulk
Aim: an ironbound thunderhulk, wielding a +0 great mace and wearing a +0 animal skin (heavily wounded, 100% to hit)
Zombie hands grab the ironbound thunderhulk.
The zombie hands constrict the ironbound thunderhulk!
Electricity crackles from the ironbound thunderhulk's apparatus.
The bolt of lightning misses you.
The blast of sand hits the ironbound thunderhulk!!
The ironbound thunderhulk is almost dead.
The zombie hands constrict the ironbound thunderhulk!
You kill the ironbound thunderhulk!
Vehumet accepts your kill.
Your Conjurations skill increases to level 6!
An ironbound thunderhulk comes into view.
It is wielding a +1 dire flail of protection.
Casting: Sandblast (safe; 0% risk of failure)
Confirm with . or Enter, or press ? or * to list all spells.
Aiming: Borgnjor's Vile Clutch (mildly dangerous; 1% risk of failure)
Press: ? - help, Shift-Dir - straight line, f - ironbound thunderhulk
Aim: an ironbound thunderhulk, wielding a +1 dire flail of protection and wearing a +0 animal skin (wandering, hasn't noticed you, 100% to hit)
The ironbound thunderhulk shouts!
Zombie hands grab the ironbound thunderhulk.
The zombie hands constrict the ironbound thunderhulk!
Electricity crackles from the ironbound thunderhulk's apparatus.
The bolt of lightning hits you!!!
The blast of sand hits the ironbound thunderhulk!
The ironbound thunderhulk is moderately wounded.
The zombie hands constrict the ironbound thunderhulk!
The ironbound thunderhulk struggles to escape constriction.
The blast of sand hits the ironbound thunderhulk!!
The ironbound thunderhulk is heavily wounded.
The zombie hands constrict the ironbound thunderhulk!!
Electricity crackles from the ironbound thunderhulk's apparatus.
The bolt of lightning hits you!!!
* * * LOW HITPOINT WARNING * * *
Electricity crackles from the ironbound thunderhulk's apparatus.
The bolt of lightning hits you!!
You die...

#..##...#...#.......####
###.#...#.......#
###.#...'.......#
#...#...#.......#
#...#...#########
###.#...# ###.#...#
#...#...# #...#.@.#
###.#..)# ###.#.).#
#...#...# #)..#...'
###[#..O## ###.#...#
#...#...# #...#


You could see an ironbound thunderhulk (clutched).

Vanquished Creatures
  Mara (Shoals:4)
  Saint Roka (Vaults:1)
  Polyphemus (Shoals:2)
  3 sphinxes (Shoals:4)
  A kraken (Shoals:1)
  Ilsuiw (Shoals:2)
  7 emperor scorpions
  6 vault wardens
  A ghost moth (Spider:4)
  3 orc warlords
  6 ironbound preservers
  4 ironbound thunderhulks
  A broodmother (Spider:4)
  4 very ugly things
  Azrael (Spider:3)
  A minotaur (Shoals:4)
  A spark wasp (Spider:1)
  4 dire elephants (Vaults:1)
  5 merfolk impalers
  A crystal guardian (Vaults:2)
  4 merfolk javelineers
  The ghost of demibob the Martial Artist, a journeyman DsWn of Okawaru (Lair:2)
  4 great orbs of eyes
  4 entropy weavers
  Josephine (Orc:1)
  2 yaktaur captains
  8 hydras
  3 vault guards
  3 peacekeepers
  Erolcha (D:10)
  A radroach (Spider:1)
  3 ogre magi (D:15)
  A catoblepas (Shoals:2)
  3 jorogumos
  11 centaur warriors
  10 satyrs (Shoals:4)
  7 ironbound frosthearts
  15 two-headed ogres
  2 merfolk aquamancers
  A merfolk avatar (Shoals:4)
  2 boulder beetles
  A death knight (D:15)
  A tengu warrior (D:14)
  A deep troll earth mage (D:13)
  14 death yaks
  3 orc high priests
  7 skysharks
  Amaemon (Lair:1)
  Nergalle (Lair:1)
  5 pharaoh ants
  A glowing orange brain (D:15)
  7 sea snakes
  A sun moth (Spider:2)
  21 deep trolls
  12 orb spiders
  6 orc knights
  12 ironbound convokers
  5 wizards
  8 lindwurms
  7 steelbarb worms
  18 harpies
  4 deep elf pyromancers
  A wolf spider (shapeshifter) (D:15)
  49 ugly things
  13 fauns
  An orc sorcerer (D:15)
  14 manticores
  28 wolf spiders
  7 cyclopes
  9 black mambas
  6 elephants (Lair:5)
  8 demonic crawlers
  A water nymph (shapeshifter) (D:13)
  3 water nymphs
  A guardian serpent (Lair:5)
  2 moths of wrath
  Joseph (Lair:1)
  6 torpor snails
  11 merfolk sirens
  15 vault sentinels
  An orange demon (Lair:1)
  An ice statue (IceCv)
  16 cane toads
  A rime drake (IceCv)
  Psyche (D:9)
  A gargoyle (D:11)
  A kobold demonologist (D:10)
  A tengu conjurer (D:14)
  7 komodo dragons
  21 yaktaurs
  2 efreet
  9 polar bears
  A meliai (Lair:2)
  A tyrant leech (Lair:4)
  24 merfolk
  2 hornets (Lair:5)
  12 trolls
  14 blink frogs
  A raiju (shapeshifter) (D:13)
  13 tarantellas
  8 snapping turtles
  A hornet (shapeshifter) (D:14)
  6 wind drakes
  7 dream sheep
  7 culicivoras
  20 jumping spiders
  2 shadows (D:11)
  34 slime creatures
  3 vampires
  10 water elementals
  A basilisk (shapeshifter) (D:13)
  6 wraiths
  52 yaks
  9 wyverns (Lair:5)
  A steam dragon (D:9)
  5 fire elementals
  53 redbacks
  3 basilisks (Lair:3)
  Edmund (D:6)
  7 vampire mosquitoes
  A swamp worm (shapeshifter) (D:13)
  3 swamp worms (Lair:4)
  4 wargs
  2 acid dragons
  3 hell hounds
  25 water moccasins
  A sky beast (D:7)
  47 orc warriors
  3 black bears
  10 ogres
  22 wolves
  17 centaurs
  3 kobold brigands
  13 bullfrogs
  A scorpion (D:9)
  5 wights (D:7)
  21 killer bees
  7 howler monkeys
  3 electric eels
  2 hounds (D:7)
  29 orc priests
  2 gnoll boudas
  3 jellies
  3 sleepcaps
  6 iguanas
  Natasha (thrice) (D:2)
  29 orc wizards
  15 gnolls
  8 adders
  A shadow imp (D:6)
  4 white imps
  3 ufetubi
  A worm (D:3)
  2 dart slugs
  136 orcs
  10 ball pythons
  5 bats
  8 endoplasms
  4 giant cockroaches
  15 goblins
  8 hobgoblins
  8 jackals
  6 quokkas
  2 frilled lizards
  28 kobolds
  2 rats
  A bush (D:7)
  3 tentacles (Shoals:1)
1356 creatures vanquished.

Vanquished Creatures (others)
  A yak (IceCv)
  A bush (Lair:4)
  74 fungi
  129 plants
  8 tentacles (Shoals:1)
213 creatures vanquished.

Grand Total: 1569 creatures vanquished

Notes
Turn   | Place    | Note
-------+----------+-------------------------------------------
     0 | D:1      | cforsyth the Deep Elf Earth Elementalist began the quest
                  | for the Orb.
     0 | D:1      | Reached XP level 1. HP: 10/10 MP: 6/6
   236 | D:1      | Reached XP level 2. HP: 15/15 MP: 6/8
   589 | D:1      | Reached XP level 3. HP: 19/19 MP: 5/9
  1195 | D:2      | Noticed Natasha
  1201 | D:2      | Killed Natasha
  1202 | D:2      | Reached XP level 4. HP: 16/24 MP: 4/11
  1366 | D:2      | Noticed Natasha
  1370 | D:2      | Killed Natasha
  1371 | D:2      | Reached skill level 1 in Fighting
  1371 | D:2      | Reached skill level 4 in Earth Magic
  1597 | D:2      | Noticed Natasha
  1603 | D:2      | Killed Natasha
  1604 | D:2      | Reached XP level 5. HP: 17/29 MP: 8/13
  1931 | D:3      | Noticed an ogre
  1937 | D:3      | Killed an ogre
  1987 | D:3      | Reached XP level 6. HP: 29/35 MP: 10/15
  2106 | D:3      | Reached skill level 5 in Spellcasting
  3407 | D:4      | Reached skill level 5 in Earth Magic
  3603 | D:4      | Reached XP level 7. HP: 21/40 MP: 12/17
  3977 | D:4      | Reached skill level 5 in Dodging
  4004 | D:4      | Found Doskics's General Store.
  4004 | D:4      | Found Ivvith's Weapon Shop.
  4004 | D:4      | Found Hicus's Weapon Shop.
  4005 | D:4      | Found Ussiy's Distillery.
  4258 | D:5      | Entered Level 5 of the Dungeon
  4761 | D:5      | Found a staircase to the Ecumenical Temple.
  4772 | Temple   | Entered the Ecumenical Temple
  4777 | Temple   | Became a worshipper of Vehumet
  4864 | D:5      | Noticed a yak
  4864 | D:5      | Noticed a yak
  4865 | D:5      | Noticed a yak
  4865 | D:5      | Noticed a yak
  5175 | D:5      | Noticed a yak
  5178 | Temple   | HP: 1/40 [yak (14)]
  5673 | D:5      | Learned a level 3 spell: Stone Arrow
  5676 | D:5      | Learned a level 2 spell: Blink
  5710 | D:5      | Killed a yak
  5711 | D:5      | Reached skill level 6 in Earth Magic
  5711 | D:5      | Reached XP level 8. HP: 46/46 MP: 18/20
  6689 | D:6      | Noticed Edmund
  7060 | D:5      | Reached * piety under Vehumet
  7060 | D:5      | Offered knowledge of Freeze by Vehumet.
  7061 | D:5      | Reached skill level 7 in Earth Magic
  7667 | D:6      | Reached XP level 9. HP: 52/52 MP: 23/23
  7842 | D:6      | Killed Edmund
  8905 | D:7      | Reached skill level 5 in Fighting
  8976 | D:7      | Offered knowledge of Magic Dart by Vehumet.
  8981 | D:7      | Reached skill level 8 in Earth Magic
  9196 | D:7      | Reached ** piety under Vehumet
  9346 | D:7      | Found a hide-covered altar of Uskayaw.
  9350 | D:7      | Found a bloodstained altar of Trog.
  9889 | D:7      | Reached XP level 10. HP: 54/60 MP: 25/25
  9889 | D:7      | Offered knowledge of Mephitic Cloud by Vehumet.
  9895 | D:7      | Reached skill level 10 in Spellcasting
 10614 | D:7      | Reached *** piety under Vehumet
 11386 | D:8      | Found a flagged portal.
 11397 | Bailey   | Entered a bailey
 11465 | Bailey   | Offered knowledge of Inner Flame by Vehumet.
 11474 | Bailey   | Learned a level 3 spell: Inner Flame
 11614 | Bailey   | Reached skill level 9 in Earth Magic
 11914 | D:8      | Found a glowing silver altar of Zin.
 12569 | D:9      | Acquired 552 gold pieces
 12766 | D:4      | Bought the +8 lance "Wyrmbane" {slay drac, rPois rF+ rC+
                  | AC+3} for 888 gold pieces
 12766 | D:4      | Found the +8 lance "Wyrmbane" {slay drac, rPois rF+ rC+
                  | AC+3}
 12965 | D:9      | Found a staircase to the Lair.
 12998 | D:9      | Noticed Psyche
 13025 | D:8      | Reached skill level 1 in Necromancy
 13327 | D:9      | Reached skill level 10 in Dodging
 13423 | D:9      | Learned a level 5 spell: Borgnjor's Vile Clutch
 13483 | D:9      | Killed Psyche
 13925 | D:9      | Reached **** piety under Vehumet
 14194 | D:9      | Reached XP level 11. HP: 66/66 MP: 25/28
 14509 | D:10     | Entered Level 10 of the Dungeon
 14527 | D:10     | Offered knowledge of Hailstorm by Vehumet.
 14593 | D:10     | Noticed a two-headed ogre
 14597 | D:10     | Killed a two-headed ogre
 14598 | D:10     | Reached skill level 10 in Earth Magic
 14632 | D:10     | Noticed Erolcha
 14637 | D:10     | Killed Erolcha
 15771 | D:11     | Found Lucorriv's Distillery.
 15774 | D:11     | Reached skill level 5 in Necromancy
 16089 | D:11     | Noticed a boulder beetle
 16099 | D:11     | Killed a boulder beetle
 16332 | D:11     | Reached skill level 11 in Earth Magic
 16878 | D:12     | You fall into a shaft and drop 1 floor!
 16893 | D:13     | Noticed a centaur warrior
 16898 | D:13     | Killed a centaur warrior
 16899 | D:13     | Reached XP level 12. HP: 47/73 MP: 30/30
 17170 | D:12     | Noticed a two-headed ogre
 17174 | D:12     | Killed a two-headed ogre
 17372 | D:12     | Found a staircase to the Orcish Mines.
 17667 | D:12     | Identified the +2 leather armour of Orej {Str+2}
 17951 | D:12     | Found a sacrificial altar of Ru.
 17990 | D:12     | Reached skill level 12 in Earth Magic
 18135 | Lair:1   | Entered Level 1 of the Lair of Beasts
 18146 | Lair:1   | Noticed Joseph
 18152 | Lair:1   | Killed Joseph
 18403 | Lair:1   | Noticed Nergalle
 18409 | Lair:1   | Killed Nergalle
 18599 | Lair:1   | Noticed Amaemon
 18606 | Lair:1   | Killed Amaemon
 19198 | Lair:2   | Found a runed translucent door.
 19230 | Lair:2   | Noticed a five-headed hydra
 19230 | Lair:2   | Noticed demibob's ghost (journeyman DsWn)
 19369 | Lair:2   | Reached ***** piety under Vehumet
 19376 | Lair:2   | Found a hole to the Spider Nest.
 19592 | Lair:2   | Found a shimmering altar of Xom.
 19775 | Lair:2   | Noticed a five-headed hydra
 19780 | Lair:2   | Killed a five-headed hydra
 20342 | Lair:3   | Noticed a seven-headed hydra
 20354 | Lair:3   | Killed a seven-headed hydra
 20355 | Lair:3   | Reached skill level 13 in Earth Magic
 20376 | Lair:3   | Reached XP level 13. HP: 81/81 MP: 13/31
 20389 | Lair:3   | Offered knowledge of Orb of Destruction by Vehumet.
 20402 | Lair:3   | Found a frozen archway.
 20414 | IceCv    | Entered an ice cave
 20926 | IceCv    | Reached skill level 10 in Fighting
 21533 | IceCv    | Reached skill level 1 in Shields
 22174 | Lair:3   | Reached skill level 14 in Earth Magic
 22584 | Lair:2   | Reached skill level 15 in Dodging
 22816 | Lair:3   | Found a staircase to the Shoals.
 23757 | Lair:4   | Offered knowledge of Sticky Flame by Vehumet.
 23764 | Lair:4   | Reached XP level 14. HP: 86/88 MP: 13/32
 24426 | Lair:5   | Entered Level 5 of the Lair of Beasts
 25576 | Lair:5   | Reached skill level 5 in Shields
 26004 | Lair:5   | Found a viscous altar of Jiyva.
 26004 | Lair:5   | Found a staircase to the Slime Pits.
 27016 | Lair:5   | Identified the +5 great mace "Neasmosch" {heavy, rPois rC-
                  | Will- SInv}
 27407 | Orc:1    | Entered Level 1 of the Orcish Mines
 27419 | Orc:1    | Learned a level 4 spell: Sticky Flame
 27544 | Orc:1    | Offered knowledge of Iron Shot by Vehumet.
 27748 | Orc:2    | Entered Level 2 of the Orcish Mines
 27748 | Orc:2    | Noticed an orc warlord
 28289 | Orc:2    | Killed an orc warlord
 28669 | Orc:2    | Found a staircase to the Elven Halls.
 28967 | Orc:2    | Found Ivyvooh's Assorted Antiques.
 29012 | Orc:2    | Noticed an orc warlord
 29031 | Orc:2    | Killed an orc warlord
 29321 | Orc:2    | Offered knowledge of Lee's Rapid Deconstruction by Vehumet.
 29845 | Orc:2    | Found Fihecaorr's Antique Weapon Shoppe.
 29848 | Orc:2    | Found Fecs's Antique Armour Emporium.
 29858 | Orc:2    | Bought a colourful robe for 142 gold pieces
 29858 | Orc:2    | Identified the +1 robe of Polish {Int+5 SInv Stlth-} (You
                  | bought it in a shop on level 2 of the Orcish Mines)
 29858 | Orc:2    | Bought a thick robe for 142 gold pieces
 29858 | Orc:2    | Identified the +2 robe "Disuqomaps" {rN++ Int+3 Dex+3
                  | Slay-4} (You bought it in a shop on level 2 of the Orcish
                  | Mines)
 30226 | Orc:2    | Found Ugin's Book Boutique.
 30238 | Orc:2    | Learned a level 5 spell: Lee's Rapid Deconstruction
 30243 | Orc:2    | Learned a level 4 spell: Petrify
 30267 | Orc:1    | Noticed Josephine
 30592 | Orc:1    | Killed Josephine
 31548 | D:12     | Reached XP level 15. HP: 97/97 MP: 14/33
 32223 | D:13     | Found a gate to the Vaults.
 32775 | D:13     | Identified the ring "Idileken" {Ice Drain Str+4 SInv}
 33789 | D:14     | Found a shadowy altar of Dithmenos.
 33805 | D:14     | Found Xeeghaph's Distillery.
 34787 | D:15     | Entered Level 15 of the Dungeon
 34802 | D:15     | Offered knowledge of Starburst by Vehumet.
 35740 | D:15     | Reached skill level 10 in Shields
 36128 | D:15     | Reached XP level 16. HP: 106/106 MP: 35/35
 36197 | D:15     | Found a staircase to the Depths.
 36455 | Spider:1 | Entered Level 1 of the Spider Nest
 37371 | Spider:1 | Found a large runed translucent door.
 37371 | Spider:1 | Found a large runed translucent door.
 37372 | Spider:1 | Noticed enile's ghost (adept AtFi)
 39922 | Spider:1 | Offered knowledge of Ozocubu's Refrigeration by Vehumet.
 40317 | Spider:2 | Reached skill level 15 in Fighting
 41874 | Spider:3 | Found a transporter.
 41902 | Spider:3 | Noticed cheesebisquit's ghost (adept GrEE)
 41926 | Spider:3 | Noticed Azrael
 41955 | Spider:3 | Killed Azrael
 42491 | Spider:3 | Found a transporter.
 42949 | Spider:4 | Entered Level 4 of the Spider Nest
 43353 | Spider:4 | Reached ****** piety under Vehumet
 43353 | Spider:4 | Offered knowledge of Lehudib's Crystal Spear by Vehumet.
 44027 | Spider:4 | Reached XP level 17. HP: 114/114 MP: 36/37
 44035 | Spider:4 | Reached skill level 15 in Earth Magic
 44035 | Spider:4 | Reached XP level 18. HP: 120/120 MP: 38/38
 45053 | Spider:4 | Reached skill level 16 in Earth Magic
 46132 | Spider:4 | Identified the ring of Doexynn {rPois rC+ Int+2 Stlth+}
 46890 | Spider:4 | Got a gossamer rune of Zot
 47077 | Lair:2   | Killed demibob's ghost
 47085 | Lair:2   | Identified the +6 flail "Hoitiphyi" {drain, Str+3}
 47249 | Shoals:1 | Entered Level 1 of the Shoals
 47259 | Shoals:1 | Reached skill level 17 in Earth Magic
 48012 | Shoals:1 | Identified the +0 pair of gloves "Haenesira" {rElec Str-3
                  | Int-4 Dex+5}
 48366 | Shoals:1 | Found Letycor's Magic Scroll Emporium.
 48383 | Shoals:1 | Learned a level 8 spell: Lehudib's Crystal Spear
 48385 | Shoals:1 | Bought a scroll of blinking for 75 gold pieces
 48385 | Shoals:1 | Bought a scroll of teleportation for 30 gold pieces
 48623 | Shoals:1 | Offered knowledge of Shatter by Vehumet.
 48623 | Shoals:1 | Offered knowledge of Chain Lightning by Vehumet.
 48623 | Shoals:1 | Offered knowledge of Maxwell's Capacitive Coupling by
                  | Vehumet.
 49445 | Shoals:2 | Noticed Ilsuiw
 50178 | Shoals:2 | Killed Ilsuiw
 50972 | Shoals:2 | Noticed Polyphemus
 51006 | Shoals:2 | Reached skill level 18 in Earth Magic
 51047 | Shoals:2 | Killed Polyphemus
 53048 | Shoals:4 | Entered Level 4 of the Shoals
 53055 | Shoals:4 | Reached skill level 19 in Earth Magic
 53218 | Shoals:4 | Noticed Mara
 53476 | Shoals:4 | Noticed cforsyth's illusion
 53477 | Shoals:4 | Killed Mara
 53891 | Shoals:4 | Reached XP level 19. HP: 109/125 MP: 39/39
 54012 | Shoals:4 | Reached skill level 20 in Earth Magic
 54806 | Shoals:4 | Acquired Dispater's Textbook on the Called Caves
 54815 | Shoals:4 | Learned a level 6 spell: Iron Shot
 54926 | Shoals:4 | Paralysed by a sphinx for 3 turns
 55087 | Shoals:4 | Got a barnacled rune of Zot
 55481 | Vaults:1 | Entered Level 1 of the Vaults
 55675 | Vaults:1 | Reached skill level 21 in Earth Magic
 56065 | Vaults:1 | Found Qyw Cel's Weapon Shop.
 56241 | Vaults:1 | Found Imeageg's Book Shoppe.
 56278 | Vaults:1 | Noticed Saint Roka
 57860 | Vaults:1 | Killed Saint Roka
 58221 | D:13     | Reached skill level 22 in Earth Magic
 60894 | Vaults:2 | Reached skill level 15 in Spellcasting
 62802 | Vaults:1 | Reached XP level 20. HP: 131/131 MP: 21/42
 62818 | Vaults:1 | Learned a level 9 spell: Shatter
 63089 | Vaults:2 | Paralysed by a great orb of eyes for 4 turns
 63569 | Vaults:2 | Reached skill level 23 in Earth Magic
 64999 | Vaults:2 | Reached skill level 1 in Conjurations
 65560 | Vaults:3 | You are sucked into a shaft and drop 1 floor!
 65990 | Vaults:3 | Found a staircase to the Crypt.
 65990 | Vaults:3 | Found an ancient bone altar of Kikubaaqudgha.
 65991 | Vaults:3 | Found a basalt altar of Yredelemnul.
 66110 | Vaults:3 | Reached skill level 5 in Conjurations
 66483 | Vaults:3 | Found Teavuyli's Jewellery Boutique.
 66556 | Vaults:3 | Killed from afar by an ironbound thunderhulk

Illustrated notes

Levels and vault maps discovered:
D:1:      minmay_arrival_radiant_lines, layout_loops_ring, serial_rivers,
          chequers_serial_rivers_small_b, chequers_serial_rivers_micro_b,
          chequers_serial_rivers_small_b, chequers_serial_rivers_micro_e,
          hangedman_decor_points, st_stairs_6
D:2:      layout_rooms, guppyfry_early_lair_pool, uniq_natasha
D:3:      layout_loops_corners, minmay_shallow_snake_nest
D:4:      layout_basic, minmay_misc_feat_encased, st_stairs_11,
          kennysheep_cross_bottleneck, minmay_shop_grid_forest
D:5:      layout_basic, minmay_temple_entry_sparse_star, serial_aquarium,
          aquarium_bridge_long_separate [aquarium_subvault_window,
          aquarium_subvault_bridge, aquarium_subvault_bridge,
          aquarium_subvault_bridge, aquarium_subvault_wall,
          aquarium_subvault_wall], aquarium_window_2, aquarium_window_1,
          aquarium_window_fake, aquarium_window_fake, aquarium_view_2b,
          aquarium_pool_corner, minmay_misc_feat_square,
          hangedman_decor_riveting, st_stairs_7
D:6:      layout_layer_cave, uniq_edmund
D:7:      corexii_shack_village, layout_loops_ring, nicolae_overflow_squiral,
          grunt_ministairs_9, kb_lookout_dungeons_type, lightli_minifort
D:8:      layout_gridville, mainiacjoe_overflow_tiny_flanked, enter_bailey_4,
          hellmonk_bongcloud_opening
D:9:      layout_basic, due_lair_maze_entry_diamond, minivault_21, uniq_psyche
D:10:     layout_loops_cross, uniq_erolcha
D:11:     layout_loops_ring, serial_shops, shop
D:12:     layout_roguey, orc_0_dummy, eino_curves_03, nicolae_ru_awakened_eye
D:13:     layout_long_grid, david_vaults_2, hangedman_abyss_or_decor_stagger,
          evilmike_minifort
D:14:     layout_gridville, minivault_14, serial_shops, nicolae_take_the_stairs,
          nicolae_wand_duel, grunt_dithmenos_smoke
D:15:     gammafunk_enter_depths_forms, layout_grid_maze,
          eino_small_chamber_without_monster
Temple:   hellmonk_temple_of_storms
Lair:1:   layout_hall_layers, uniq_nergalle, uniq_amaemon, uniq_joseph
Lair:2:   layout_regular_city, hellmonk_spider_entry_not_the_bees,
          ebering_ghost_inner_flame, basic_altar
Lair:3:   layout_hall_layers, shoals_dummy_entry,
          portal_ice_cave_entry_pillars_1, minivault_11, grunt_megastairs_1
Lair:4:   layout_misc_corridors, worms_lemuel
Lair:5:   hangedman_lair_tendril_chambers, layout_layer_cave,
          dpeg_slime_entry_corner, grunt_megastairs_5, serial_bayou_shore_b,
          infiniplex_staircase_pool, lemuel_fruit_tree
Shoals:1: layout_shoals, nicolae_shoals_c_island
Shoals:2: layout_shoals, uniq_ilsuiw, uniq_polyphemus
Shoals:3: layout_shoals
Shoals:4: shoals_end_hellmonk_lost_city, uniq_mara
Spider:1: layout_spider_delve, ebering_ghost_disaster_area
Spider:2: layout_spider_delve
Spider:3: layout_spider_delve, gammafunk_ghost_mausoleum, uniq_azrael
Spider:4: grunt_spider_rune_circles
Orc:1:    layout_caves, nicolae_orc_tapped_out, uniq_josephine
Orc:2:    grunt_orc_community_town_hall, layout_caves,
          grunt_orc_community_big_house_1, grunt_orc_community_big_house_2,
          grunt_orc_community_house_2, grunt_orc_community_house_3,
          grunt_orc_community_house_3, grunt_orc_community_house_3,
          grunt_orc_community_house_3, grunt_orc_community_house_3, basic_altar
Vaults:1: nicolae_vaults_network_star, nicolae_vaults_gold_heap,
          ontoclasm_vaults_ring_square, nicolae_vaults_puzzle_piece,
          nicolae_vaults_specimen_jars, v_misc_19, vaults_room_grid,
          grunt_vaults_diagonal, vaults_standard_mumra_enter_the_diamond,
          v_pattern_2, vaults_dpeg_ring, layout_vaults_chaotic_city,
          serial_shops, nicolae_shop_bloodbath_and_beyond, shop, uniq_saint_roka
Vaults:2: nicolae_vaults_big_angled_halls, v_misc_2, v_pattern_1,
          nicolae_vaults_network_periphery, vaults_dpeg_emergency_exit,
          vaults_dpeg_cross, nicolae_vaults_little_squares_4,
          ontoclasm_vaults_ring_square, ontoclasm_vaults_loading_screen,
          hangedman_vaults_locks, nicolae_vaults_circle_grid_a,
          grunt_vaults_focal, vaults_dpeg_hooks, v_alt_pattern_2,
          layout_vaults_ring
Vaults:3: minmay_crypt_entry_necro_gods, vaults_room_pool, v_rooms_5,
          nicolae_vaults_ninety_degrees, hangedman_vaults_snaps,
          dpeg_vaults_monster_row, vaults_dpeg_encased_lava,
          nicolae_vaults_border_crossing, layout_vaults_omnicross, serial_shops,
          nicolae_shop_hallway_plus
Vaults:4: v_misc_18, v_rooms_5, v_misc_5, vaults_standard_mumra_x,
          vaults_mumra_minichess, hangedman_vaults_slither,
          nicolae_vaults_inception_scallops, ontoclasm_vaults_decontamination,
          st_spiral_rooms, vaults_room_hallway, vaults_room_hallway,
          nicolae_vaults_asterisk, serial_ice_h, layout_vaults_maze_snakey

Skill      XL: |  1  2  3  4  5  6  7  8  9 10 11 12 13 14 15 16 17 18 19 20 |
---------------+-------------------------------------------------------------+-----
Stealth        | 3 |  3.0
Dodging        | 3 4 5 7 8 10 11 13 15 | 15.4
Spellcasting   | 4 5 6 8 9 11 12 13 14 16 | 16.3
Fighting       | 1 2 3 4 5 6 8 9 10 12 14 15 | 15.6
Earth Magic    | 4 5 6 7 8 9 11 13 14 15 19 22 23 | 23.4
Necromancy     | 3 5 |  5.0
Shields        | 3 7 10 11 12 | 12.3
Conjurations   | 6 |  6.1
Transmutations | |  1.8

Action                     |  1- 3 |  4- 6 |  7- 9 | 10-12 | 13-15 | 16-18 | 19-21 || total
---------------------------+-------+-------+-------+-------+-------+-------+-------++-------
  Melee: Unarmed           |       |     2 |       |    75 |       |       |       ||    77
         Lance             |       |       |       |     8 |    10 |     8 |    12 ||    38
         Punch             |       |       |       |     3 |       |       |       ||     3
   Cast: Sandblast         |    47 |   101 |   124 |   201 |   523 |   438 |   269 ||  1703
         Stone Arrow       |       |       |    85 |   137 |    79 |   197 |     9 ||   507
         Blink             |       |       |     2 |     2 |     2 |       |       ||     6
         Borgnjor's Vile C |       |       |       |    52 |   255 |   327 |   207 ||   841
         Lee's Rapid Decon |       |       |       |       |    28 |    40 |     4 ||    72
         Petrify           |       |       |       |       |     8 |     6 |     2 ||    16
         Sticky Flame      |       |       |       |       |     5 |       |       ||     5
         Iron Shot         |       |       |       |       |       |       |   117 ||   117
  Evoke: Wand              |       |       |       |       |       |    10 |     2 ||    12
    Use: Scroll            |       |       |     8 |    17 |     5 |     4 |     3 ||    37
         Potion            |       |       |     1 |     1 |     1 |     3 |       ||     6
 Armour: Robe              |     4 |    22 |    14 |    59 |   123 |   137 |    44 ||   403
  Dodge: Dodged            |     6 |    44 |    87 |   161 |   426 |   523 |   254 ||  1501
  Block: Other             |       |       |    26 |    61 |    44 |       |       ||   131
         Reflection        |       |       |     9 |    18 |    19 |    61 |    78 ||   185
         Buckler           |       |       |       |       |   194 |     1 |       ||   195
         Kite shield       |       |       |       |       |       |   789 |   423 ||  1212

Table legend: (Time is in decaauts)
 A = Elapsed time spent in this place.
 B = Non-inter-level travel time spent in this place.
 C = Inter-level travel time spent in this place.
 D = Time resting spent in this place.
 E = Time spent auto-exploring this place.
 F = Levels seen in this place.
 G = Mean time per level.
                   A        B        C        D        E       F      G
               +--------+--------+--------+--------+--------+-----+--------+
         Total |  67589 |  64963 |   2626 |  25189 |  29349 |  37 | 1826.7 |
       Dungeon |  24705 |  23019 |   1686 |   6825 |  12870 |  15 | 1647.0 |
        Temple |    456 |    451 |      5 |    293 |      0 |   1 |  456.0 |
          Lair |   7913 |   7581 |    332 |   1644 |   4866 |   5 | 1582.6 |
        Shoals |   8251 |   8126 |    125 |   3130 |   3535 |   4 | 2062.8 |
   Spider Nest |  10708 |  10461 |    247 |   5894 |   2917 |   4 | 2677.0 |
  Orcish Mines |   4187 |   4076 |    111 |   2131 |   1316 |   2 | 2093.5 |
        Vaults |   9102 |   8984 |    118 |   4393 |   2955 |   4 | 2275.5 |
        Bailey |    503 |    503 |      0 |     53 |    322 |   1 |  503.0 |
      Ice Cave |   1761 |   1761 |      0 |    825 |    567 |   1 | 1761.0 |
               +--------+--------+--------+--------+--------+-----+--------+

Top non-repeatable levels by time:
Vaults:1: 5193 daAuts
Spider:1: 4184 daAuts
    D:13: 4029 daAuts
Shoals:1: 3097 daAuts
     D:5: 2997 daAuts
Spider:4: 2873 daAuts
Vaults:2: 2824 daAuts
     D:7: 2357 daAuts
  Lair:5: 2278 daAuts
   Orc:2: 2272 daAuts
Spider:3: 2240 daAuts
   Orc:1: 1915 daAuts
   IceCv: 1761 daAuts
Shoals:4: 1750 daAuts
    D:12: 1715 daAuts
